3AA
RICHLAND RAILS @ OTTAWA NATIONALS
08/29/2052
 
TOP OF THE 1ST
Richland Rails batting - Pitching for Ottawa Nationals : RHP Felipe Croonenborgh
Pitching: RHP Felipe Croonenborgh
Batting: RHB Scott Miller 0-0: Ball
1-0: Ground out 1-3 (Groundball, 15S, EV 71.9 MPH)
Batting: SHB Clancy Dean 0-0: Ball
1-0: Ground out 6-3 (Groundball, 56, EV 98.8 MPH)
Batting: LHB Robert Montgomery 0-0: Ball
1-0: Swinging Strike
1-1: Called Strike
1-2: Foul Ball, location: 2F
1-2: Foul Ball, location: 2F
1-2: Ball
2-2: Fly out, F7 (Flyball, 7S, EV 76.9 MPH)
Top of the 1st over - 0 runs, 0 hits, 0 errors, 0 left on base; Richland 0 - Ottawa 0
BOTTOM OF THE 1ST
Ottawa Nationals batting - Pitching for Richland Rails : LHP Arthur Corrigan
Pitching: LHP Arthur Corrigan
Batting: SHB Claude Drake 0-0: Bunt - Flyout to 13S! F1
Batting: RHB Bill Martin 0-0: Ball
1-0: Ball
2-0: DOUBLE (Popup, 5D, EV 70.6 MPH)
Batting: RHB Daniel Long 0-0: Called Strike
0-1: Foul Ball, location: 2F
0-2: Ball
1-2: Strikes out looking
Batting: RHB Ramiro Peralta 0-0: Ball
1-0: Foul Ball, location: 2F
1-1: Called Strike
1-2: Ball
2-2: Foul Ball, location: 2F
2-2: Ground out 6-3 (Groundball, 4M, EV 100.0 MPH)
Bottom of the 1st over - 0 runs, 1 hit, 0 errors, 1 left on base; Richland 0 - Ottawa 0
TOP OF THE 2ND
Richland Rails batting - Pitching for Ottawa Nationals : RHP Felipe Croonenborgh
Batting: RHB Jesse Hood 0-0: Called Strike
0-1: Ball
1-1: Ball
2-1: Foul Ball, location: 2F
2-2: Ball
3-2: Base on Balls
Batting: RHB Jerrel van Katwijk 0-0: Fly out, F8 (Flyball, 8RM, EV 90.0 MPH)
Batting: RHB Andrew Robinson 0-0: Called Strike
0-1: Ball
Wild Pitch!
Jesse Hood to second
1-1: Swinging Strike
1-2: Strikes out looking
Batting: RHB Blake Gordon 0-0: Ball
1-0: Ball
2-0: Ball
3-0: Called Strike
3-1: Called Strike
3-2: Foul Ball, location: 2F
3-2: Ground out 6-3 (Groundball, 6, EV 81.2 MPH)
Top of the 2nd over - 0 runs, 0 hits, 0 errors, 1 left on base; Richland 0 - Ottawa 0
BOTTOM OF THE 2ND
Ottawa Nationals batting - Pitching for Richland Rails : LHP Arthur Corrigan
Batting: RHB Tony Cordero 0-0: Called Strike
0-1: Ball
1-1: Foul Ball, location: 2F
1-2: Strikes out looking
Batting: LHB Artie Smith 0-0: Fly out, F8 (Line Drive, 8LM, EV 91.9 MPH)
Batting: RHB Sean Porcell 0-0: Ball
1-0: Fly out, F8 (Flyball, 8RM, EV 90.6 MPH)
Bottom of the 2nd over - 0 runs, 0 hits, 0 errors, 0 left on base; Richland 0 - Ottawa 0
TOP OF THE 3RD
Richland Rails batting - Pitching for Ottawa Nationals : RHP Felipe Croonenborgh
Batting: RHB Ken Woods 0-0: Fly out, F3 (Popup, 3SF, EV 76.2 MPH)
Batting: RHB Hugo Mahé 0-0: Ball
1-0: Foul Ball, location: 2F
1-1: Swinging Strike
1-2: Strikes out swinging
Batting: RHB Scott Miller 0-0: Ball
1-0: Fly out, F7 (Flyball, 7, EV 86.9 MPH)
Top of the 3rd over - 0 runs, 0 hits, 0 errors, 0 left on base; Richland 0 - Ottawa 0
BOTTOM OF THE 3RD
Ottawa Nationals batting - Pitching for Richland Rails : LHP Arthur Corrigan
Batting: LHB José Rodríguez 0-0: Ground out 6-3 (Groundball, 6M, EV 98.1 MPH)
Batting: RHB Brandon Smith 0-0: Called Strike
0-1: Ball
1-1: Swinging Strike
1-2: Ball
2-2: Strikes out swinging
Batting: SHB Claude Drake 0-0: Called Strike
0-1: Ball
1-1: Ball
2-1: Fly out, F7 (Flyball, 7D, EV 85.6 MPH)
Bottom of the 3rd over - 0 runs, 0 hits, 0 errors, 0 left on base; Richland 0 - Ottawa 0
TOP OF THE 4TH
Richland Rails batting - Pitching for Ottawa Nationals : RHP Felipe Croonenborgh
Batting: SHB Clancy Dean 0-0: Ground out 4-3 (Groundball, 4, EV 86.9 MPH)
Batting: LHB Robert Montgomery 0-0: Ball
1-0: Ball
2-0: Called Strike
2-1: Swinging Strike
2-2: Strikes out looking
Batting: RHB Jesse Hood 0-0: Ball
1-0: Ball
2-0: Ball
3-0: Base on Balls
Batting: RHB Jerrel van Katwijk 0-0: Swinging Strike
0-1: Ball
1-1: Ball
2-1: Foul Ball, location: 2F
2-2: 2-RUN HOME RUN (Line Drive, 78XD, EV 105.0 MPH), Distance : 398 ft
Batting: RHB Andrew Robinson 0-0: Called Strike
0-1: Called Strike
0-2: Ball
1-2: Fly out, F9 (Line Drive, 89M, EV 102.5 MPH)
Top of the 4th over - 2 runs, 1 hit, 0 errors, 0 left on base; Richland 2 - Ottawa 0
BOTTOM OF THE 4TH
Ottawa Nationals batting - Pitching for Richland Rails : LHP Arthur Corrigan
Batting: RHB Bill Martin 0-0: Swinging Strike
0-1: Called Strike
0-2: Ball
1-2: Ball
2-2: Strikes out swinging
Batting: RHB Daniel Long 0-0: Called Strike
0-1: Fly out, F3 (Popup, 3SF, EV 76.2 MPH)
Batting: RHB Ramiro Peralta 0-0: Ball
1-0: Called Strike
1-1: Fly out, F8 (Flyball, 8RM, EV 88.8 MPH)
Bottom of the 4th over - 0 runs, 0 hits, 0 errors, 0 left on base; Richland 2 - Ottawa 0
TOP OF THE 5TH
Richland Rails batting - Pitching for Ottawa Nationals : RHP Felipe Croonenborgh
Batting: RHB Blake Gordon 0-0: Ball
1-0: Foul Ball, location: 2F
1-1: SINGLE (Groundball, P, EV 87.5 MPH) (infield hit)
Batting: RHB Ken Woods 0-0: Ball
1-0: Foul Ball, location: 2F
1-1: Ball
2-1: Foul Ball, location: 2F
2-2: Strikes out looking
Batting: RHB Hugo Mahé 0-0: Swinging Strike
0-1: Ball
1-1: Grounds into double play, 5-4-3 (Groundball, 56S, EV 83.1 MPH)
Top of the 5th over - 0 runs, 1 hit, 0 errors, 0 left on base; Richland 2 - Ottawa 0
BOTTOM OF THE 5TH
Ottawa Nationals batting - Pitching for Richland Rails : LHP Arthur Corrigan
Batting: RHB Tony Cordero 0-0: Fly out, F8 (Flyball, 89M, EV 85.0 MPH)
Batting: LHB Artie Smith 0-0: Called Strike
0-1: Swinging Strike
0-2: Ball
1-2: Strikes out swinging
Batting: RHB Sean Porcell 0-0: Ball
1-0: Called Strike
1-1: Swinging Strike
1-2: Strikes out swinging
Bottom of the 5th over - 0 runs, 0 hits, 0 errors, 0 left on base; Richland 2 - Ottawa 0
TOP OF THE 6TH
Richland Rails batting - Pitching for Ottawa Nationals : RHP Felipe Croonenborgh
Batting: RHB Scott Miller 0-0: Ball
1-0: Foul Ball, location: 2F
1-1: Foul Ball, location: 2F
1-2: Ball
2-2: Ball
3-2: Foul Ball, location: 2F
3-2: Strikes out swinging
Batting: SHB Clancy Dean 0-0: Ball
1-0: Ground out 6-3 (Groundball, 6, EV 84.4 MPH)
Batting: LHB Robert Montgomery 0-0: Ground out 3-1 (Groundball, 34, EV 80.6 MPH)
Top of the 6th over - 0 runs, 0 hits, 0 errors, 0 left on base; Richland 2 - Ottawa 0
BOTTOM OF THE 6TH
Ottawa Nationals batting - Pitching for Richland Rails : LHP Arthur Corrigan
Batting: LHB José Rodríguez 0-0: Ball
1-0: Called Strike
1-1: Foul Ball, location: 2F
1-2: Ball
2-2: Strikes out swinging
Batting: RHB Brandon Smith 0-0: Called Strike
0-1: SOLO HOME RUN (Flyball, 78XD, EV 98.1 MPH), Distance : 387 ft
Batting: SHB Claude Drake 0-0: Foul Ball, location: 2F
0-1: SINGLE (Line Drive, 56D, EV 107.5 MPH)
Batting: RHB Bill Martin 0-0: Foul Ball, location: 2F
0-1: Foul Ball, location: 2F
0-2: Ball
1-2: Strikes out swinging
Batting: RHB Daniel Long 0-0: Ball
1-0: Called Strike
1-1: Ball
2-1: Fielders Choice at 2nd, 5-4 (Groundball, 56, EV 85.0 MPH)
Bottom of the 6th over - 1 run, 2 hits, 0 errors, 1 left on base; Richland 2 - Ottawa 1
TOP OF THE 7TH
Richland Rails batting - Pitching for Ottawa Nationals : RHP Felipe Croonenborgh
Batting: RHB Jesse Hood 0-0: Ball
1-0: Called Strike
1-1: Ball
2-1: Ball
3-1: Base on Balls
Batting: RHB Jerrel van Katwijk 0-0: Ball
1-0: Ball
2-0: Ball
3-0: Called Strike
3-1: Base on Balls
Jesse Hood to second
Batting: RHB Andrew Robinson 0-0: Called Strike
0-1: Ball
1-1: Ball
2-1: Sac Bunt to 23 - play at first, batter OUT! 3-4
Jesse Hood to third
Jerrel van Katwijk to second
Pitching: LHP Hui Loh
Batting: RHB Blake Gordon 0-0: Called Strike
0-1: Called Strike
0-2: Hit by Pitch
Batting: RHB Ken Woods 0-0: Called Strike
0-1: Foul Ball, location: 2F
0-2: Ball
1-2: Foul Ball, location: 2F
1-2: SINGLE (Groundball, 34, EV 94.4 MPH)
Jesse Hood scores
Jerrel van Katwijk to third
Blake Gordon to second
Runner from 3rd tries for Home, SAFE, throw by RF to home
Batting: RHB Hugo Mahé 0-0: DOUBLE (Line Drive, 89D, EV 105.0 MPH)
Blake Gordon scores
Ken Woods to third
Batting: RHB Scott Miller 0-0: Ball
1-0: Hit by Pitch
Batting: SHB Clancy Dean 0-0: Foul Ball, location: 2F
0-1: Ball
1-1: Ball
Wild Pitch!
Ken Woods scores
Hugo Mahé to third
Scott Miller to second
2-1: Fly out, F7 (Flyball, 7S, EV 90.0 MPH)
Batting: LHB Robert Montgomery 0-0: Ball
1-0: Fly out, F8 (Flyball, 8RM, EV 90.6 MPH)
Top of the 7th over - 4 runs, 2 hits, 0 errors, 2 left on base; Richland 6 - Ottawa 1
BOTTOM OF THE 7TH
Ottawa Nationals batting - Pitching for Richland Rails : LHP Arthur Corrigan
Pitching: RHP Dani Alomar
Batting: RHB Ramiro Peralta 0-0: Ball
1-0: Called Strike
1-1: Swinging Strike
1-2: Ball
2-2: Strikes out swinging
Batting: RHB Tony Cordero 0-0: Called Strike
0-1: Swinging Strike
0-2: Hit by Pitch
Batting: LHB Artie Smith 0-0: Ball
1-0: Foul Ball, location: 2F
1-1: Ball
2-1: Foul Ball, location: 2F
2-2: Foul Ball, location: 2F
2-2: Fly out, F9 (Line Drive, 9S, EV 105.6 MPH)
Batting: RHB Sean Porcell 0-0: Foul Ball, location: 2F
0-1: Foul Ball, location: 2F
0-2: Foul Ball, location: 2F
0-2: Foul Ball, location: 2F
0-2: Ball
1-2: 2-RUN HOME RUN (Flyball, 7D, EV 98.8 MPH), Distance : 363 ft
Batting: LHB José Rodríguez 0-0: Called Strike
0-1: Ball
1-1: Called Strike
1-2: Foul Ball, location: 2F
1-2: Reached on error, E4 (Groundball, 34, EV 96.9 MPH)
Batting: RHB Brandon Smith 0-0: Hit by Pitch
Batting: SHB Claude Drake 0-0: Fly out, F9 (Flyball, 9, EV 93.8 MPH)
Bottom of the 7th over - 2 runs, 1 hit, 1 error, 2 left on base; Richland 6 - Ottawa 3
TOP OF THE 8TH
Richland Rails batting - Pitching for Ottawa Nationals : LHP Hui Loh
Batting: RHB Jesse Hood 0-0: Called Strike
0-1: Ball
1-1: Fly out, F7 (Flyball, 7LM, EV 87.5 MPH)
Batting: RHB Jerrel van Katwijk 0-0: Ball
1-0: Swinging Strike
1-1: Ball
2-1: Swinging Strike
2-2: Strikes out swinging
Batting: RHB Andrew Robinson 0-0: Ball
1-0: Fly out, F8 (Line Drive, 78M, EV 94.4 MPH)
Top of the 8th over - 0 runs, 0 hits, 0 errors, 0 left on base; Richland 6 - Ottawa 3
BOTTOM OF THE 8TH
Ottawa Nationals batting - Pitching for Richland Rails : RHP Dani Alomar
Batting: RHB Bill Martin 0-0: Ball
1-0: Called Strike
1-1: Foul Ball, location: 2F
1-2: Ball
2-2: Strikes out looking
Batting: RHB Daniel Long 0-0: Ball
1-0: Called Strike
1-1: SINGLE (Line Drive, 8RS, EV 93.8 MPH)
Pitching: RHP Alfredo Maldonado
Batting: RHB Ramiro Peralta 0-0: Ball
1-0: Swinging Strike
1-1: Called Strike
1-2: Ball
2-2: Ball
3-2: Base on Balls
Daniel Long to second
Batting: RHB Tony Cordero 0-0: Called Strike
0-1: Foul Ball, location: 2F
0-2: Ball
1-2: Foul Ball, location: 2F
1-2: Foul Ball, location: 2F
1-2: SINGLE (Line Drive, 8LS, EV 90.6 MPH)
Daniel Long to third
Ramiro Peralta to second
Runner from 3rd tries for Home, SAFE, throw by CF to home
Batting: LHB Artie Smith 0-0: Called Strike
0-1: Ball
1-1: Grounds into double play, 3-6-3 (Groundball, 34, EV 88.1 MPH)
Bottom of the 8th over - 1 run, 2 hits, 0 errors, 1 left on base; Richland 6 - Ottawa 4
TOP OF THE 9TH
Richland Rails batting - Pitching for Ottawa Nationals : LHP Hui Loh
Pitching: RHP Jonathan Luna
Now at 2B: Craig Welch
Batting: RHB Blake Gordon 0-0: Called Strike
0-1: Foul Ball, location: 2F
0-2: Strikes out swinging
Batting: RHB Ken Woods 0-0: Called Strike
0-1: Ground out 6-3 (Groundball, 6, EV 83.8 MPH)
Batting: RHB Hugo Mahé 0-0: Ground out 6-3 (Groundball, 6S, EV 81.2 MPH)
Top of the 9th over - 0 runs, 0 hits, 0 errors, 0 left on base; Richland 6 - Ottawa 4
BOTTOM OF THE 9TH
Ottawa Nationals batting - Pitching for Richland Rails : RHP Alfredo Maldonado
Batting: RHB Sean Porcell 0-0: SINGLE (Groundball, 25, EV 66.9 MPH) (infield hit)
Batting: LHB José Rodríguez 0-0: Called Strike
0-1: Ball
1-1: Swinging Strike
1-2: Strikes out looking
Batting: RHB Brandon Smith 0-0: Foul Ball, location: 2F
0-1: Ball
1-1: Ball
2-1: Ball
3-1: Called Strike
3-2: Strikes out swinging
Batting: SHB Claude Drake 0-0: Called Strike
0-1: Ball
1-1: Ball
2-1: Fly out, F5 (Popup, 6S, EV 68.8 MPH)
Bottom of the 9th over - 0 runs, 1 hit, 0 errors, 1 left on base; Richland 6 - Ottawa 4
Tuesday, October 10th , 2023 - OOTP Baseball 23.10 Build 110